 Dungeon Crawl Stone Soup version 0.13-a0-2907-g70ca29e (webtiles) character file.

171 PolkaDot the Sneak (level 3, 3/22 HPs)
             Began as a Vampire Wizard on Sept 1, 2013.
             Quit the game on Level 4 of the Dungeon.
             The game lasted 00:10:26 (2428 turns).

PolkaDot the Sneak (Vampire Wizard)                 Turns: 2428, Time: 00:10:26

HP   3/22        AC  0     Str  1      XL: 3   Next: 73%
MP  10/10        EV 20     Int 21      God:
Gold 114         SH  0     Dex 17      Spells:  3 memorised,  2 levels left

Res.Fire  : . . .   See Invis. : +   (weapon currently unavailable)
Res.Cold  : + . .   Warding    : .   a - melded +0 robe
Life Prot.: + + .   Conserve   : .   (shield currently unavailable)
Res.Poison: +       Res.Corr.  : +   b - melded +0 wizard hat
Res.Elec. : .       Clarity    : .   (cloak currently unavailable)
Sust.Abil.: . .     Spirit.Shd : .   (gloves currently unavailable)
Res.Mut.  : .       Stasis     : .   (boots currently unavailable)
Res.Rott. : +       Flight     : +   j - amulet of resist corrosion {unknown}
Saprovore : . . .                    (ring currently unavailable)
                                     (ring currently unavailable)

@: bat-form, regenerating slowly, flying, very slightly contaminated, very
quick, slightly resistant to hostile enchantments, quite stealthy
A: (fangs 0), (talons 0), see invisible, (unbreathing)
a: End Transformation


You were on level 4 of the Dungeon.
You were very thirsty.
You were in vampire bat-form.
You visited 1 branch of the dungeon, and saw 4 of its levels.

You collected 94 gold pieces.

Inventory:

Armour
 a - a +0 robe (melded)
 b - a +0 wizard hat (melded)
Magical devices
 i - a wand of teleportation (5) {unknown}
Scrolls
 d - a scroll of recharging {unknown}
 f - a scroll of enchant weapon I
Jewellery
 j - an amulet of resist corrosion (around neck) {unknown}
Potions
 g - a potion of berserk rage
 h - a potion of magic
Books
 c - a book of Minor Magic

   Spells                             Type                      Level
   *Magic Dart                        Conjuration                  1
   *Blink                             Translocation                2
   Call Imp                           Summoning                    2
   Repel Missiles                     Charms/Air                   2
   Slow                               Hexes                        2
   *Conjure Flame                     Conjuration/Fire             3
   Mephitic Cloud                     Conjuration/Poison/Air       3


   Skills:
 - Level 2.1 Dodging
 - Level 3.0 Stealth
 - Level 3.0 Spellcasting
 * Level 2.7 Conjurations
   Level 1.0 Summonings
 - Level 0.7 Translocations


You had 2 spell levels left.
You knew the following spells:

 Your Spells              Type           Power        Failure   Level  Hunger
a - Magic Dart            Conj           ##..         14%         1    None
s - Conjure Flame         Conj/Fire      #.......     45%         3    ###....
A - Blink                 Tloc           N/A          36%         2    ##.....


Dungeon Overview and Level Annotations

Branches:
Dungeon (4/27)
 Temple: D:4-7

Altars:

Annotations:
D:4 Ijyb


Innate Abilities, Weirdness & Mutations

You heal slowly.
((You have razor-sharp teeth.))*
You have supernaturally acute eyesight.
((You can survive without breathing.))*
((You have sharp toenails.))*


Message History

Aim: a worker ant The magic dart hits the worker ant.
The worker ant completely misses you.
Casting: Magic Dart
Confirm with . or Enter, or press ? or * to list all spells.
You don't know that spell.
Use which ability? (? or * to list)
You can't do that.
Use which ability? (? or * to list)
You turn into a vampire bat.
Your +0 wizard hat melds into your body.
Your +0 robe melds into your body.
The worker ant completely misses you.
Found a scroll labeled VAMMARALYU.
A worm comes into view.
You see here a scroll labeled VAMMARALYU.
d - a scroll labeled VAMMARALYU A worker ant comes into view.
Found a stone staircase leading down.
A hound comes into view.
A giant cockroach comes into view.
Are you sure you want to abandon this character and quit the game? (Confirm with "yes".)

######## #......# #.##...##
#a#8...8# #ยง##...## #####
#g##...# #...#####
#.##...#################........
#.#8...8#..s...b......a.........
####...#################........
##8##.?.##8###8#### #...........
..................# #.##........
..................####.##........
...................a.....w.##.##.
##8##...##8###8#######.##..# #.#
#####...#### ### #.##..# h#
##.#8...8# #.##..#


You could see a worker ant and a giant cockroach (sleeping).

Vanquished Creatures
  3 adders
  A worm (D:2)
  A giant gecko (D:4)
  4 giant cockroaches
  3 goblins
  4 hobgoblins
  A quokka (D:4)
  2 bats (D:1)
  2 giant newts
  4 kobolds
  A rat (D:2)
26 creatures vanquished.

Notes
Turn   | Place    | Note
--------------------------------------------------------------
     0 | D:1      | PolkaDot, the Vampire Wizard, began the quest for the Orb.
     0 | D:1      | Reached XP level 1. HP: 11/11 MP: 6/6
   238 | D:1      | Reached skill level 1 in Conjurations
   545 | D:1      | Reached XP level 2. HP: 13/17 MP: 1/8
   879 | D:2      | Gained mutation: You have sharp toenails. [potion of beneficial mutation]
  1541 | D:2      | Reached XP level 3. HP: 22/22 MP: 1/10
  1546 | D:2      | Learned a level 3 spell: Conjure Flame
  1549 | D:2      | Learned a level 2 spell: Blink
  1981 | D:4      | Noticed a slave
  1982 | D:4      | Noticed a slave
  1982 | D:4      | Noticed a slave
  2205 | D:4      | Noticed Ijyb
  2428 | D:4      | Quit the game

Action                   || total
-------------------------++-------
Melee: Unarmed           ||    33
 Cast: Magic Dart        ||   101
       Conjure Flame     ||     7
 Abil: Bat Form          ||     1
  Use: Potion            ||     6
       Scroll            ||     3
